 Dungeon Crawl Stone Soup version 0.27-a0-277-g024f7ef292 (webtiles) character file.

Game seed: 6449457291762393212

137 Nattfarinn the Sneak (level 5, -4/28 HPs)
             Began as a Kobold Enchanter on Feb 7, 2021.
             Slain by an orc priest
             ... wielding a +0 trident
              (5 damage)
             ... on level 3 of the Dungeon.
             The game lasted 00:09:27 (3982 turns).

Nattfarinn the Sneak (Kobold Enchanter)             Turns: 3982, Time: 00:09:28

Health: -4/28      AC:  2    Str:  5    XL:     5   Next: 44%
Magic:  4/8        EV: 15    Int: 17    God:
Gold:   100        SH:  0    Dex: 16    Spells: 2/8 levels left

rFire    . . .     SeeInvis .   a - +1 dagger
rCold    . . .     Faith    .   (shield restricted)
rNeg     . . .     Spirit   .   b - +0 robe
rPois    .         Reflect  .   (no helmet)
rElec    .         Harm     .   (no cloak)
rCorr    .         Rampage  .   (no gloves)
Will     .....                  (no boots)
Stlth    ++++......             (no amulet)
HPRegen  0.09/turn              (no ring)
MPRegen  0.11/turn              (no ring)

@: no status effects
A: small, nightstalker 3
a: no special abilities


You were on level 3 of the Dungeon.
You visited 1 branch of the dungeon, and saw 3 of its levels.

You collected 100 gold pieces.

Inventory:

Hand Weapons
 a - a +1 dagger (weapon)
Missiles
 d - 19 poisoned darts (quivered)
Armour
 b - a +0 robe (worn)
Scrolls
 e - 2 scrolls of teleportation
 f - a scroll of blinking {unknown}
 h - a scroll of fog {unknown}
 i - a scroll of magic mapping {unknown}
 k - 2 scrolls of identify
 l - a scroll of remove curse {unknown}
 n - a scroll of amnesia {unknown}
Potions
 j - a potion of lignification
 m - a potion of invisibility {unknown}


   Skills:
 + Level 3.2 Short Blades
 - Level 2.4 Dodging
 * Level 6.4 Stealth
 - Level 2.1 Spellcasting
 + Level 3.8 Hexes


You had 2 spell levels left.
You knew the following spells:

 Your Spells              Type           Power        Failure   Level
a - Corona                Hex            16%          3%          1
b - Ensorcelled Hibernat  Hex/Ice        16%          13%         2
c - Confusing Touch       Hex            15%          12%         3

Your spell library contained the following spells:

 Spells                   Type           Power        Failure   Level
 Tukima's Dance           Hex            15%          12%         3
 Dazzling Flash           Conj/Hex       16%          26%         3


Dungeon Overview and Level Annotations

Branches:
Dungeon (3/15)

Altars:
Nemelex Xobeh

Annotations:
D:3 2 runed translucent doors


Innate Abilities, Weirdness & Mutations

You are small and have problems with some larger weapons.
You are completely attuned to the shadows.


Message History

Aiming: Ensorcelled Hibernation (safe; 13% risk of failure)
Press: ? - help, Shift-Dir - straight line, f - orc, p - orc priest
Aim: an orc (severely wounded, chance to affect: 57%)
The orc looks drowsy...
The orc priest closely misses you.
The helpless orc fails to defend itself.
You impale the orc!!
You kill the orc!
The orc priest hits you with a +0 trident.
You closely miss the orc priest.
The orc priest is lightly wounded.
The orc priest mumbles some strange prayers to Beogh against you.
Beogh smites you!
The orc priest hits you from afar with a +0 trident!
* * * LOW HITPOINT WARNING * * *
Okay, then.
As you read the scroll labelled NAVEVIBLA BUH, it crumbles to dust.
It is a scroll of identify.
e - 2 scrolls of teleportation The orc priest hits you from afar with a +0 trident.
You die...

#.###.######..#####.#.######.###
#.# #.# #..# #.#)# #...# .#S# #.#
#..# #.#.########## '#.###.#
#..## #.#........##⌠ .......#
#...# #.#........#..
.......######.#.#### #........#.<
.......##..........# #........#..
.......##..........# #........##⌠
.......##.......@..# ..........##
.......##.........o###.........##
...............................#
#########...........##...o.....#
...........#####..#)##.........#
†########..# ##.#.##.........# .#
#...# #...##.........#
.########+########.............##
.......#≈≈≈#...###...#..####'####


You could see an orc priest.

Vanquished Creatures
  An orc priest (D:3)
  2 adders (D:3)
  An ooze (D:1)
  A worm (D:2)
  A dart slug (D:1)
  4 leopard geckos
  7 orcs (D:3)
  2 giant cockroaches (D:3)
  2 hobgoblins
  12 jackals
  2 ball pythons (D:3)
  2 bats
  7 frilled lizards
  6 goblins
  10 kobolds
  12 rats
72 creatures vanquished.

Notes
Turn   | Place    | Note
-------+----------+-------------------------------------------
     0 | D:1      | Nattfarinn the Kobold Enchanter began the quest for the
                  | Orb.
     0 | D:1      | Reached XP level 1. HP: 10/10 MP: 3/3
   227 | D:1      | Reached XP level 2. HP: 15/15 MP: 5/5
   448 | D:1      | Learned a level 2 spell: Ensorcelled Hibernation
   672 | D:2      | Reached XP level 3. HP: 16/19 MP: 4/6
   696 | D:2      | Reached skill level 5 in Stealth
  1169 | D:2      | Found a sparkling altar of Nemelex Xobeh.
  1471 | D:2      | Learned a level 3 spell: Confusing Touch
  2089 | D:2      | Reached XP level 4. HP: 24/24 MP: 7/7
  2854 | D:3      | Reached skill level 6 in Stealth
  2927 | D:3      | Reached XP level 5. HP: 17/28 MP: 3/8
  3714 | D:3      | Found a runed translucent door.
  3889 | D:3      | Found a runed translucent door.
  3980 | D:3      | HP: 1/28 [orc priest/+0 trident (10)]
  3982 | D:3      | Slain by an orc priest

Illustrated notes

Levels and vault maps discovered:
D:1:      mrwooster_arrival_arrow, layout_rooms
D:2:      layout_rooms, overflow_temple_1_default
D:3:      layout_basic, ebering_ghost_sewer_f, chequers_serial_rivers_room_b,
          grunt_ministairs_7

Skill      XL: |  1  2  3  4 |
---------------+-------------+-----
Short Blades   | 2 3 |  3.2
Stealth        | 5 6 |  6.4
Dodging        | |  2.4
Spellcasting   | |  2.1
Hexes          | |  3.8

Action                   |  1- 3 |  4- 6 || total
-------------------------+-------+-------++-------
Melee: Dagger            |   109 |   109 ||   218
 Cast: Corona            |     7 |     3 ||    10
       Ensorcelled Hiber |    13 |    27 ||    40
  Use: Potion            |       |     4 ||     4
       Scroll            |       |     1 ||     1
 Stab: Sleeping          |    22 |    24 ||    46
Armor: Robe              |    14 |     5 ||    19
       Skin              |       |     9 ||     9
Dodge: Dodged            |   110 |    62 ||   172

Table legend: (Time is in decaauts)
 A = Elapsed time spent in this place.
 B = Non-inter-level travel time spent in this place.
 C = Inter-level travel time spent in this place.
 D = Time resting spent in this place.
 E = Time spent auto-exploring this place.
 F = Levels seen in this place.
 G = Mean time per level.
                   A        B        C        D        E       F      G
               +--------+--------+--------+--------+--------+-----+--------+
         Total |   3969 |   3888 |     81 |   1538 |   1687 |   3 | 1323.0 |
       Dungeon |   3969 |   3888 |     81 |   1538 |   1687 |   3 | 1323.0 |
               +--------+--------+--------+--------+--------+-----+--------+

Top non-repeatable levels by time:
     D:3: 1684 daAuts
     D:2: 1236 daAuts
     D:1: 1049 daAuts
